 Dungeon Crawl Stone Soup version 0.26-a0-812-g31a745ddcd (webtiles) character file.

Game seed: 11493278686379348166

177 snetch the Chopper (level 5, 0/47 HPs)
             Began as a Hill Orc Monk on Nov 13, 2020.
             Was a Believer of Beogh.
             Slain by Grinder (1 damage)
             ... on level 3 of the Dungeon.
             The game lasted 00:07:21 (3565 turns).

snetch the Chopper (Hill Orc Monk)                  Turns: 3565, Time: 00:07:21

Health: 0/47       AC:  7    Str: 15    XL:     5   Next: 57%
Magic:  5/5        EV: 10    Int: 10    God:    Beogh [**....]
Gold:   321        SH:  0    Dex: 13    Spells: 4/4 levels left

rFire    . . .     SeeInvis .   a - +3 hand axe
rCold    . . .     Faith    .   (no shield)
rNeg     . . .     Spirit   .   A - +0 scale mail
rPois    .         Reflect  .   (no helmet)
rElec    .         Harm     .   (no cloak)
rCorr    .         Rampage  .   (no gloves)
MR       .....                  u - +0 pair of boots
Stlth    ..........             (no amulet)
HPRegen  0.15/turn              (no ring)
MPRegen  0.09/turn              (no ring)

@: hasted, very quick
A: no striking features
a: Smiting, Renounce Religion


You were on level 3 of the Dungeon.
You worshipped Beogh.
Beogh was pleased with you.
You visited 1 branch of the dungeon, and saw 4 of its levels.

You collected 321 gold pieces.

Inventory:

Hand Weapons
 a - a +3 hand axe (weapon)
 g - a +0 trident
 z - a +4 short sword of speed
Missiles
 h - 11 poisoned darts (quivered)
 i - 7 atropa-tipped darts
 l - 117 stones
 r - 11 sling bullets
 s - 21 arrows
 t - 35 bolts
Armour
 u - a +0 pair of boots (worn)
 y - a cursed +0 robe
 A - a +0 scale mail (worn)
Wands
 d - a wand of disintegration (12)
 x - a wand of enslavement (1)
Scrolls
 c - a scroll of magic mapping {unknown}
 e - a scroll of remove curse {unknown}
 f - 3 scrolls of enchant armour {unknown}
 j - 5 scrolls of identify {unknown}
 w - 2 scrolls of teleportation {unknown}
Potions
 b - 2 potions of heal wounds {unknown}
 k - 2 potions of invisibility {unknown}
 m - a potion of haste
 n - 3 potions of curing {unknown}
 o - a potion of degeneration {unknown}
 p - a potion of attraction {unknown}
 q - a potion of berserk rage {unknown}
 v - 2 potions of ambrosia {unknown}
 B - a potion of magic {unknown}


   Skills:
 + Level 4.9 Fighting
 + Level 5.6 Axes
 + Level 2.1 Armour
 + Level 3.0 Dodging
 + Level 1.7 Stealth
 + Level 0.1 Evocations


You had 4 spell levels left.
You didn't know any spells.
Your spell library contained the following spells:

 Spells                   Type           Power        Failure   Level
 Magic Dart               Conj           #...         83%         1
 Blink                    Tloc           N/A          92%         2
 Call Imp                 Summ           #.......     92%         2
 Slow                     Hex            #.......     92%         2
 Conjure Flame            Conj/Fire      #.......     99%         3
 Mephitic Cloud           Conj/Pois/Air  #.......     99%         3


Dungeon Overview and Level Annotations

Branches:
Dungeon (4/15)
 Temple: D:4-7

Altars:
Trog

Annotations:
D:3 Grinder


Message History

Grinder barely misses you.
The giant cockroach bites you but does no damage.
Grinder hits you but does no damage.
The giant cockroach waves its antennae.
The giant cockroach bites you but does no damage.
Grinder hits you. The giant cockroach bites you. Grinder hits you.
* * * LOW HITPOINT WARNING * * *
You writhe in agony.
* * * LOW HITPOINT WARNING * * *
The giant cockroach waves its antennae.
The giant cockroach bites you but does no damage.
You can move again.
You feel yourself speed up. Grinder closely misses you.
The giant cockroach bites you but does no damage.
You barely miss Grinder. You hit the giant cockroach.
The giant cockroach closely misses you. Grinder hits you!
* * * LOW HITPOINT WARNING * * *
You writhe in agony.
You die...

#.## #.## #.## # #.
#... .##.# #### ....
## ##.#######.. #.
##..B.5.....#.#######.
#....@# #...>.....
#.....# #######...
#...†.# ####### #.#.
##....## #.....# #...
#.#.#.###.....####.#.
#..###.##......)...##
###.#.###.....####.#
##.####.....#>.....
#.##......##.##.##


You could see Grinder and a giant cockroach.

Vanquished Creatures
  Ijyb (D:3)
  Terence (D:3)
  A howler monkey skeleton (D:4)
  3 adders (D:2)
  3 worms
  A dart slug (D:3)
  A leopard gecko (D:3)
  2 orcs (D:3)
  6 bats
  3 giant cockroaches
  2 goblins (D:3)
  8 hobgoblins
  4 jackals
  5 kobolds
  2 quokkas
  2 frilled lizards (D:1)
  4 rats
49 creatures vanquished.

Vanquished Creatures (others)
  A phantom (D:3)
  A hound skeleton (D:3)
  An adder (D:3)
  2 orcs (D:3)
  2 hobgoblins (D:3)
7 creatures vanquished.

Grand Total: 56 creatures vanquished

Notes
Turn   | Place    | Note
-------+----------+-------------------------------------------
     0 | D:1      | snetch the Hill Orc Monk began the quest for the Orb.
     0 | D:1      | Reached XP level 1. HP: 19/19 MP: 1/1
   399 | D:2      | Reached XP level 2. HP: 17/27 MP: 2/2
   754 | D:2      | Reached XP level 3. HP: 34/34 MP: 3/3
   993 | D:2      | Reached skill level 1 in Armour
  1648 | D:2      | Found a bloodstained altar of Trog.
  1693 | D:3      | Became a worshipper of Beogh the Brigand
  1693 | D:3      | Reached * piety under Beogh
  1693 | D:3      | Reached ** piety under Beogh
  1885 | D:1      | Reached XP level 4. HP: 29/41 MP: 4/4
  2648 | D:3      | You fall into a shaft and drop 1 floor!
  2721 | D:3      | Noticed a phantom
  2747 | D:3      | Killed a phantom
  3040 | D:4      | Reached skill level 5 in Axes
  3040 | D:4      | Reached XP level 5. HP: 42/47 MP: 5/5
  3264 | D:3      | Noticed Ijyb
  3285 | D:3      | Killed Ijyb
  3444 | D:3      | Noticed Terence
  3460 | D:3      | Killed Terence
  3555 | D:3      | Noticed Grinder
  3557 | D:3      | Paralysed by Grinder for 7 turns
  3565 | D:3      | HP: 1/47 [Grinder (8)]
  3565 | D:3      | Slain by Grinder

Illustrated notes

Levels and vault maps discovered:
D:1:      evilmike_arrival_crescent, layout_basic
D:2:      layout_rooms, lemuel_doored_altar, kennysheep_generic_room_9
D:3:      layout_loops_cross, uniq_terence, uniq_ijyb, uniq_grinder
D:4:      layout_loops_ring, minmay_distorted

Skill      XL: |  1  2  3  4  5 |
---------------+----------------+-----
Fighting       | 4 |  4.9
Armour         | 1 2 |  2.1
Axes           | 5 |  5.6
Dodging        | 3 |  3.0
Stealth        | |  1.7
Evocations     | |  0.1

Action                   |  1- 3 |  4- 6 || total
-------------------------+-------+-------++-------
Melee: Hand axe          |    87 |    75 ||   162
       War axe           |       |    29 ||    29
Invok: Convert to Beogh  |     1 |       ||     1
Evoke: Wand              |     3 |       ||     3
  Use: Potion            |       |     1 ||     1
 Stab: Sleeping          |       |     2 ||     2
Armor: Leather armour    |    15 |    18 ||    33
       Scale mail        |       |    11 ||    11
       Ring mail         |       |     6 ||     6
Dodge: Dodged            |    72 |    69 ||   141

Table legend: (Time is in decaauts)
 A = Elapsed time spent in this place.
 B = Non-inter-level travel time spent in this place.
 C = Inter-level travel time spent in this place.
 D = Time resting spent in this place.
 E = Time spent auto-exploring this place.
 F = Levels seen in this place.
 G = Mean time per level.
                   A        B        C        D        E       F      G
               +--------+--------+--------+--------+--------+-----+--------+
         Total |   3596 |   3483 |    113 |    119 |   2572 |   4 |  899.0 |
       Dungeon |   3596 |   3483 |    113 |    119 |   2572 |   4 |  899.0 |
               +--------+--------+--------+--------+--------+-----+--------+

Top non-repeatable levels by time:
     D:2: 2007 daAuts
     D:3: 915 daAuts
     D:1: 594 daAuts
     D:4: 80 daAuts
